 Dungeon Sprint DCSS version 0.26-a0-1177-g1209ec82b9 (webtiles) character file.

Game seed: 14363904887920115183

4308 reriks the Basher (level 10, 0/71 HPs)
             Began as a Gargoyle Fighter on Dec 25, 2020.
             Was an Elder of Makhleb.
             Slain by a harpy (5 damage)
             ... summoned by Kirke
             ... in the Dungeon (Sprint II: "The Violet Keep of Menkaure").
             The game lasted 00:09:32 (3270 turns).

reriks the Basher (Gargoyle Fighter)                Turns: 3270, Time: 00:09:33

Health: 0/71       AC: 19    Str: 23    XL:     10   Next: 32%
Magic:  10/10      EV: 11    Int:  9    God:    Makhleb [****..]
Gold:   587        SH:  0    Dex:  9    Spells: 9/9 levels left

rFire    . . .     SeeInvis .   k - +4 morningstar (protect)
rCold    . . .     Faith    .   c - +1 kite shield
rNeg     + . .     Spirit   .   b - +0 scale mail
rPois    ∞         Reflect  .   (no helmet)
rElec    +         Harm     .   (no cloak)
rCorr    .         Rampage  .   m - +2 pair of gloves
Will     .....     NoTele   +   (no boots)
Stlth    ..........             (no amulet)
HPRegen  0.21/turn              (no ring)
MPRegen  0.12/turn              (no ring)

@: confused, mighty, flying
A: negative energy resistance 1, electricity resistance, unbreathing,
petrification resistance, miasma immunity, AC +7
a: Renounce Religion, Minor Destruction, Lesser Servant of Makhleb, Major
Destruction


You were in the Dungeon.
You worshipped Makhleb.
Makhleb was greatly pleased with you.
You visited 1 branch You collected 1258 gold pieces.
You spent 671 gold pieces at shops.

Inventory:

Hand Weapons
 a - a +0 flail
 k - a +4 morningstar of protection (weapon)
Armour
 b - a +0 scale mail (worn)
 c - a +1 kite shield (worn)
 l - a +0 pair of gloves
 m - a +2 pair of gloves (worn)
Scrolls
 j - a scroll of blinking
 q - a scroll of fear
 r - a scroll of amnesia
 s - 2 scrolls of enchant armour
 t - a scroll of remove curse
Potions
 e - 4 potions of curing
 f - a potion of heal wounds
 g - 2 potions of haste
 h - 5 potions of magic
 i - a potion of berserk rage
 o - 7 potions of flight
 u - 3 potions of resistance
 v - a potion of lignification
 w - a potion of ambrosia
 x - a potion of attraction


   Skills:
 + Level 11.8 Fighting
 * Level 14.3 Maces & Flails
 + Level 11.8 Armour
 + Level 4.4 Dodging
 + Level 11.7 Shields


You had 9 spell levels left.
You didn't know any spells.
Your spell library was empty.

Dungeon Overview and Level Annotations

Branches:
Dungeon (1/1)

Altars:
Cheibriados
Dithmenos
Elyvilon
Fedhas
Gozag
Hepliaklqana
Kikubaaqudgha
Makhleb
Nemelex Xobeh
Okawaru
Qazlal
Ru
Sif Muna
Trog
Uskayaw
Vehumet
Wu Jian
Xom
Yredelemnul
Zin
The Shining One
Beogh
Jiyva
Lugonu

Shops:
D [:[*=?=(*}=:!*!

Annotations:
D exclusion: oklob plant, Kirke


Innate Abilities, Weirdness & Mutations

You are resistant to torment.
Your stone body is resilient. (AC +7)
You are immune to poison.
You resist negative energy. (rN+)
You are resistant to electric shocks. (rElec)
You can survive without breathing.
You are immune to petrification.
You are immune to miasma.


Message History

The bone dragon claws you.
The bone dragon tramples you but does no damage.
The harpy claws you. The harpy misses you.
The sphinx hits you but does no damage. x3
You are too confused!
You are too confused!
You bump into the stone wall.
The harpy claws you but does no damage. The harpy claws you!
* * * LOW HITPOINT WARNING * * *
The harpy claws you!
* * * LOW HITPOINT WARNING * * *
The harpy claws you but does no damage. The bone dragon completely misses you.
The bone dragon claws you.
* * * LOW HITPOINT WARNING * * *
The bone dragon tramples you but does no damage.
The sphinx mumbles some strange words.
You are more confused.
Kirke hits you but does no damage.
You bump into the stone wall.
The harpy claws you.
You die...

*,,,,,,*,,*******,****,,,,,
*+******+**,,####+####,,,,,
*∩∩∩∩∩∩*,,+,##≈≈≈°°≈°##⌠,,,
*∩∩∩∩∩∩*,,*##○≈≈○≈°°≈≈##,,,
*****###*c,+≈○≈≈°8≈○≈≈≈#*++
*,,2##.D@####≈≈○≈°°Y≈≈#*≈,^
*,,,D.$Ycz.c##≈°○○°≈≈#*,≈,,
############DD#+++#+++##***,
###########@@H.........#,,+,
##.∩.∩....#HH≈≈.##+##..#,,**
##..∩.∩...#≈≈≈≈##.#.##.####,
##...∩.∩..#≈≈≈≈#..#..#....#,
##....∩.⌠.#≈≈####.#.####..##
##...∩.∩..#≈##.###'###.##..#
##..∩.∩...#≈#...##.##.###..#
##.∩......'†'.#)'.<.+##.'..#
##∩.∩.....#≈#...##.##...#...


You could see a bone dragon, Kirke, a golden dragon, a sphinx (summoned), a
yaktaur captain and 2 harpies.

Vanquished Creatures
  2 boulder beetles (D)
  A skeletal warrior (D)
  A merfolk siren (D)
  A yaktaur (D)
  A kobold demonologist (D)
  A hornet (D)
  3 polar bears (D)
  2 wyverns (D)
  Menkaure (D)
  9 electric eels (D)
  A hell rat (D)
  3 worms (D)
26 creatures vanquished.

Vanquished Creatures (others)
  A water moccasin (D)
  8 tentacles (D)
9 creatures vanquished.

Grand Total: 35 creatures vanquished

Notes
Turn   | Place    | Note
-------+----------+-------------------------------------------
     0 | D        | reriks the Gargoyle Fighter began the quest for the Orb.
     0 | D        | Reached XP level 1. HP: 14/14 MP: 1/1
     1 | D        | Noticed a boulder beetle
     1 | D        | Noticed a boulder beetle
    12 | D        | Reached skill level 3 in Maces & Flails
    12 | D        | Reached XP level 2. HP: 20/20 MP: 2/2
    58 | D        | Noticed a wyvern
    58 | D        | Noticed a wyvern
    61 | D        | Noticed a merfolk siren
    74 | D        | Killed a merfolk siren
    75 | D        | Reached skill level 8 in Maces & Flails
    75 | D        | Reached XP level 3. HP: 26/28 MP: 3/3
    75 | D        | Reached XP level 4. HP: 32/34 MP: 4/4
    75 | D        | Reached XP level 5. HP: 36/38 MP: 5/5
    75 | D        | Reached XP level 6. HP: 41/44 MP: 6/6
   108 | D        | Killed a wyvern
   109 | D        | Reached skill level 9 in Maces & Flails
   109 | D        | Reached XP level 7. HP: 20/49 MP: 7/7
   114 | D        | Killed a wyvern
   115 | D        | Reached skill level 10 in Maces & Flails
   328 | D        | Found Xucenit's Distillery.
   329 | D        | Found Hexkor's Distillery.
   329 | D        | Found Miagy's Book Shoppe.
   425 | D        | Found Der Efys's Gadget Shoppe.
   426 | D        | Found Ysseser's Assorted Antiques.
   426 | D        | Found Ysuch's General Store.
   427 | D        | Found Gaseg's Jewellery Emporium.
   427 | D        | Found Hiphoxum's Magic Scroll Shoppe.
   427 | D        | Found Gotifo's Jewellery Emporium.
   427 | D        | Found Fipu's Jewellery Shoppe.
   427 | D        | Noticed a slime creature
   428 | D        | Found Otah's Antique Weapon Shoppe.
   430 | D        | Found Surghissa's Assorted Antiques.
   430 | D        | Found Duomaitu's Antique Armour Emporium.
   430 | D        | Noticed Menkaure
   430 | D        | Noticed a slime creature
   430 | D        | Noticed a slime creature
   430 | D        | Noticed an oklob plant
   454 | D        | Killed Menkaure
   604 | D        | Noticed a wyvern
   605 | D        | Found Enlofa Hasoi's Antique Armour Shoppe.
   605 | D        | Found Tefepeen's Book Shoppe.
   608 | D        | Bought a potion of berserk rage for 65 gold pieces
   608 | D        | Noticed a wyvern
   608 | D        | Noticed a wyvern
   609 | D        | Noticed a shining eye
   609 | D        | Noticed a shining eye
   616 | D        | Bought a runed morningstar for 189 gold pieces
   618 | D        | Bought a pair of gloves for 103 gold pieces
   625 | D        | Noticed a shining eye
   627 | D        | Bought a pair of runed gloves for 127 gold pieces
   658 | D        | Found a blossoming altar of Fedhas.
   659 | D        | Found a white marble altar of Elyvilon.
   659 | D        | Found an opulent altar of Gozag.
   659 | D        | Found a burning altar of Makhleb.
   660 | D        | Found a shadowy altar of Dithmenos.
   660 | D        | Found a corrupted altar of Lugonu.
   661 | D        | Found a snail-covered altar of Cheibriados.
   661 | D        | Found an ancient bone altar of Kikubaaqudgha.
   661 | D        | Found a bloodstained altar of Trog.
   662 | D        | Found a roughly hewn altar of Beogh.
   662 | D        | Found a viscous altar of Jiyva.
   662 | D        | Found a shimmering blue altar of Sif Muna.
   663 | D        | Found a hazy altar of Hepliaklqana.
   663 | D        | Found a sacrificial altar of Ru.
   664 | D        | Found a shimmering altar of Xom.
   665 | D        | Found a stormy altar of Qazlal.
   665 | D        | Found an ornate altar of the Wu Jian Council.
   665 | D        | Found a sparkling altar of Nemelex Xobeh.
   665 | D        | Found a hide-covered altar of Uskayaw.
   665 | D        | Found a basalt altar of Yredelemnul.
   665 | D        | Found a glowing golden altar of the Shining One.
   665 | D        | Noticed a hornet
   665 | D        | Noticed a polar bear
   665 | D        | Noticed a polar bear
   666 | D        | Found a radiant altar of Vehumet.
   666 | D        | Found an iron altar of Okawaru.
   666 | D        | Found a glowing silver altar of Zin.
   666 | D        | Noticed a yaktaur
   666 | D        | Noticed a polar bear
   671 | D        | Noticed a flying skull
   672 | D        | Noticed a flying skull
   672 | D        | Noticed a flying skull
   672 | D        | Noticed a flying skull
   672 | D        | Noticed a flying skull
   673 | D        | Became a worshipper of Makhleb the Destroyer
   674 | D        | Noticed a flying skull
   684 | D        | Killed a hornet
   685 | D        | Reached skill level 11 in Maces & Flails
   685 | D        | Reached XP level 8. HP: 56/56 MP: 8/8
   691 | D        | Killed a polar bear
   695 | D        | Killed a polar bear
   695 | D        | Reached * piety under Makhleb
   699 | D        | Killed a yaktaur
   700 | D        | Reached skill level 10 in Fighting
   700 | D        | Reached skill level 12 in Maces & Flails
   700 | D        | Reached skill level 10 in Armour
   700 | D        | Reached skill level 10 in Shields
   702 | D        | Killed a polar bear
   703 | D        | Reached XP level 9. HP: 49/63 MP: 9/9
   757 | D        | Noticed a kraken
  1231 | D        | Noticed an ice statue
  2385 | D        | Reached ** piety under Makhleb
  2742 | D        | Reached skill level 1 in Dodging
  2747 | D        | Reached *** piety under Makhleb
  3086 | D        | Killed a boulder beetle
  3087 | D        | Reached skill level 13 in Maces & Flails
  3150 | D        | Killed a boulder beetle
  3150 | D        | Reached **** piety under Makhleb
  3151 | D        | Reached XP level 10. HP: 56/70 MP: 10/10
  3221 | D        | Bought a potion of curing for 39 gold pieces
  3221 | D        | Bought a potion of curing for 39 gold pieces
  3221 | D        | Bought a potion of flight for 39 gold pieces
  3222 | D        | Bought a potion of might for 40 gold pieces
  3222 | D        | Bought a potion of flight for 30 gold pieces
  3247 | D        | Noticed an elephant
  3247 | D        | Noticed a centaur warrior
  3247 | D        | Noticed Kirke
  3247 | D        | Noticed a storm dragon
  3247 | D        | Noticed a yaktaur captain
  3247 | D        | Noticed a skeletal warrior
  3247 | D        | Noticed a kobold demonologist
  3247 | D        | Noticed a cacodemon
  3249 | D        | Noticed a bone dragon
  3252 | D        | Killed a kobold demonologist
  3253 | D        | Reached skill level 14 in Maces & Flails
  3260 | D        | Noticed a harpy
  3260 | D        | Noticed a harpy
  3261 | D        | Noticed a golden dragon
  3264 | D        | Noticed a sphinx
  3264 | D        | Killed a skeletal warrior
  3270 | D        | Slain by a harpy

Illustrated notes

Levels and vault maps discovered:
D:        the_violet_keep_of_menkaure [sprint2_stairs_cluster_1,
          sprint2_shoproom, sprint2_temple, sprint2_basic_supplies,
          sprint2_obstacle_7, sprint2_obstacle_1, sprint2_obstacle_2,
          sprint2_obstacle_6, sprint2_obstacle_4, sprint2_timed_cluster_1,
          sprint2_smallroom_cluster_1, sprint2_smallroom_final_cluster_1,
          sprint2_transparent_cluster_1, sprint2_second_timed_cluster_1,
          sprint2_sniper_area_1, sprint2_heavy_combat_area_1,
          sprint2_mutation_trap_area_1, sprint2_forest_area_1,
          sprint2_light_combat_area_1, sprint2_behind_water_1,
          sprint2_near_end_vault_1]

Skill      XL: |  1  2  3  4  5  6  7  8  9 10 |
---------------+-------------------------------+-----
Maces & Flails | 3 8 9 11 12 13 14 | 14.3
Fighting       | 7 8 9 10 11 | 11.8
Armour         | 7 8 9 10 11 | 11.8
Shields        | 7 8 9 10 11 | 11.7
Dodging        | 3 4 |  4.4

Action                   |  1- 3 |  4- 6 |  7- 9 | 10-12 || total
-------------------------+-------+-------+-------+-------++-------
Melee: Flail             |    27 |     9 |    27 |       ||    63
       Morningstar       |       |       |   125 |    14 ||   139
  Use: Potion            |       |       |     2 |     2 ||     4
       Scroll            |       |       |    12 |       ||    12
Armor: Scale mail        |     3 |     3 |    65 |    39 ||   110
Dodge: Dodged            |     4 |     3 |    38 |    12 ||    57
Block: Kite shield       |     7 |     4 |    45 |    11 ||    67

Table legend: (Time is in decaauts)
 A = Elapsed time spent in this place.
 B = Non-inter-level travel time spent in this place.
 C = Inter-level travel time spent in this place.
 D = Time resting spent in this place.
 E = Time spent auto-exploring this place.
 F = Levels seen in this place.
 G = Mean time per level.
                   A        B        C        D        E       F      G
               +--------+--------+--------+--------+--------+-----+--------+
         Total |   3322 |   3322 |      0 |   2531 |     20 |   1 | 3322.0 |
       Dungeon |   3322 |   3322 |      0 |   2531 |     20 |   1 | 3322.0 |
               +--------+--------+--------+--------+--------+-----+--------+

Top non-repeatable levels by time:
       D: 3322 daAuts
